 Dungeon Crawl Stone Soup version 0.20.1-1-g8b1a95d (webtiles) character file.

128 equalderp2856 the Ducker (level 4, -1/35 HPs)
             Began as a Minotaur Wizard on Aug 11, 2017.
             Slain by a gnoll (6 damage)
             ... on level 3 of the Dungeon.
             The game lasted 00:06:31 (3354 turns).

equalderp2856 the Ducker (Minotaur Wizard)          Turns: 3354, Time: 00:06:31

Health: -1/35      AC:  6    Str: 11    XL:     4   Next: 87%
Magic:  6/6        EV:  9    Int: 16    God:
Gold:   72         SH:  0    Dex:  9    Spells: 6/7 levels left

rFire    . . .     SeeInvis .   w - +0 hand axe
rCold    . . .     Gourm    .   (no shield)
rNeg     . . .     Faith    .   h - +0 scale mail
rPois    .         Spirit   .   b - +0 hat
rElec    .         Reflect  .   (no cloak)
rCorr    .         Harm     .   (no gloves)
MR       .....                  (no boots)
Stlth    ..........             (no amulet)
Regen    0.2/turn               (no ring)
MPRegen  0.1/turn               (no ring)

@: no status effects
A: retaliatory headbutt, horns 2
a: no special abilities


You were on level 3 of the Dungeon.
You were hungry.

You visited 1 branch of the dungeon, and saw 3 of its levels.

You collected 72 gold pieces.

Inventory:

Hand Weapons
 j - a +0 club
 u - a +0 spear
 w - a +0 hand axe (weapon)
Missiles
 i - 30 stones (quivered)
Armour
 a - a +0 robe
 b - a +0 hat (worn)
 h - a +0 scale mail (worn)
 n - a +0 ring mail
Wands
 m - a wand of disintegration (0/24)
 t - a wand of polymorph (6/24)
Scrolls
 e - 2 scrolls of identify {unknown}
 g - 2 scrolls of amnesia {unknown}
 k - a scroll of magic mapping {unknown}
 q - 3 scrolls of enchant armour {unknown}
 r - a scroll of teleportation {unknown}
 s - a scroll of remove curse {unknown}
Potions
 l - a potion of flight {unknown}
 o - a potion of curing {unknown}
 p - a potion of might {unknown}
Books
 c - a book of Minor Magic

   Spells                             Type                      Level
   a - Magic Dart                     Conjuration                  1
   b - Blink                          Translocation                2
   c - Call Imp                       Summoning                    2
   d - Slow                           Hexes                        2
   e - Conjure Flame                  Conjuration/Fire             3
   f - Mephitic Cloud                 Conjuration/Poison/Air       3
Comestibles
 d - 4 bread rations
 f - 4 fruits
 v - a royal jelly


   Skills:
 + Level 1.3 Fighting
 + Level 1.7 Maces & Flails
 + Level 2.4 Armour
 + Level 3.1 Dodging
 + Level 1.9 Stealth
 + Level 1.4 Unarmed Combat
 + Level 2.4 Spellcasting
 + Level 0.6 Conjurations
   Level 0.6 Summonings
   Level 0.6 Translocations


You had 6 spell levels left.
You knew the following spells:

 Your Spells              Type           Power        Failure   Level  Hunger
a - Magic Dart            Conj           #...         65%         1    #......


Dungeon Overview and Level Annotations

Branches:
Dungeon (3/15)

Altars:
Nemelex Xobeh
Okawaru

Annotations:
D:2 Jessica, Sigmund


Innate Abilities, Weirdness & Mutations

You reflexively headbutt those who attack you in melee.
You have a pair of horns on your head.


Message History

The jackal barely misses you. The jackal barely misses you.
The jackal bites you but does no damage.
The jackal bites you but does no damage.
The jackal bites you but does no damage.
There is a stone staircase leading down here.
You barely miss the jackal. The jackal barely misses you. The jackal bites you.
The jackal bites you. The gnoll hits you.
* * * LOW HITPOINT WARNING * * *
The jackal bites you but does no damage.
You climb downwards.
There is a stone staircase leading up here.
The jackal bites you.
* * * LOW HITPOINT WARNING * * *
The jackal barely misses you. The jackal barely misses you.
There is a stone staircase leading up here.
The jackal bites you but does no damage.
The gnoll hits you.
You die...

..(......................# ##..
............#............# #...
......#######..........).# #.##
##....#######............# ##.#
#.#......##..#..........# #..#
##.##.........##........## #.##
...##.#......##..........# #.# #
.####.#..###.............####.###
..###.#..# #.##.@g.......##...#..
#........###.##..h.<.....##.##..#
..##.....................##.##.##
.............###........###.#..#
.##..........#...........##...##
..#..................##..##..####
.......................<.##......
..#......................#...####
..#..............................


You could see a gnoll and a jackal.

Vanquished Creatures
  3 gnolls (D:3)
  2 adders
  An ooze (D:2)
  2 worms
  3 dart slugs
  A leopard gecko (D:2)
  An orc (D:3)
  2 giant cockroaches (D:1)
  3 hobgoblins
  4 jackals
  A quokka (D:3)
  14 bats
  6 frilled lizards
  9 goblins
  10 kobolds
  4 rats
66 creatures vanquished.

Notes
Turn   | Place    | Note
-------+----------+-------------------------------------------
     0 | D:1      | equalderp2856 the Minotaur Wizard began the quest for the Orb.
     0 | D:1      | Reached XP level 1. HP: 14/14 MP: 2/2
   599 | D:1      | Reached XP level 2. HP: 18/20 MP: 4/4
  1308 | D:1      | Reached XP level 3. HP: 18/26 MP: 5/5
  1623 | D:2      | Reached skill level 1 in Armour
  1623 | D:2      | Reached skill level 1 in Unarmed Combat
  1869 | D:2      | Noticed Jessica
  2366 | D:3      | Reached XP level 4. HP: 33/33 MP: 6/6
  2368 | D:3      | Reached skill level 3 in Dodging
  2389 | D:3      | Reached skill level 1 in Fighting
  2389 | D:3      | Reached skill level 1 in Maces & Flails
  2618 | D:3      | Found an iron altar of Okawaru.
  2941 | D:2      | Found a sparkling altar of Nemelex Xobeh.
  2980 | D:2      | Noticed Sigmund
  3354 | D:3      | Slain by a gnoll

Skill      XL: |  1  2  3  4 |
---------------+-------------+-----
Armour         | 1 2 |  2.4
Unarmed Combat | 1 |  1.4
Dodging        | 3 |  3.1
Fighting       | 1 |  1.3
Maces & Flails | 1 |  1.7
Stealth        | |  1.9
Spellcasting   | |  2.4
Conjurations   | |  0.6
Summonings     | |  0.6
Translocations | |  0.6

Action                   |  1- 3 |  4- 6 || total
-------------------------+-------+-------++-------
Melee: Unarmed           |   124 |       ||   124
       Headbutt          |    20 |    10 ||    30
       Club              |    46 |    17 ||    63
       Punch             |     1 |       ||     1
       Spear             |       |    37 ||    37
       Hand axe          |       |    22 ||    22
Evoke: Wand              |     1 |     2 ||     3
  Eat: Chunk             |     5 |     2 ||     7
Armor: Robe              |    13 |       ||    13
       Scale mail        |    90 |    40 ||   130
Dodge: Dodged            |   122 |    44 ||   166
